 Dungeon Crawl Stone Soup version 0.25-a0-1133-g93ebf739aa (webtiles) character file.

Game seed: 11732700630064386776, levelgen mode: deterministic

88 Morbidden the Gusty (level 4, -2/36 HPs)
             Began as a Draconian Air Elementalist on May 22, 2020.
             Shot with an arrow by a centaur (13 damage)
             ... on level 3 of the Dungeon.
             The game lasted 00:04:43 (2621 turns).

Morbidden the Gusty (Draconian Air Elementalist)    Turns: 2621, Time: 00:04:44

Health: -2/36      AC:  5    Str: 10    XL:     4   Next: 30%
Magic:  0/8        EV: 12    Int: 17    God:
Gold:   74         SH:  0    Dex: 11    Spells: 7/8 levels left

rFire    . . .     SeeInvis .   (no weapon)
rCold    . . .     Gourm    .   (no shield)
rNeg     . . .     Faith    .   (armour unavailable)
rPois    .         Spirit   +   (helmet restricted)
rElec    .         Reflect  .   (no cloak)
rCorr    .         Harm     .   (no gloves)
MR       .....                  (no boots)
Stlth    ++........             o - amulet of guardian spirit
HPRegen  0.12/turn              (no ring)
MPRegen  0.11/turn              (no ring)

@: very slightly contaminated
A: unfitting armour, cold-blooded, AC +5
a: no special abilities


You were on level 3 of the Dungeon.
You were very hungry.

You visited 1 branch of the dungeon, and saw 3 of its levels.

You collected 74 gold pieces.

Inventory:

Jewellery
 o - an amulet of guardian spirit (around neck)
Scrolls
 a - 4 scrolls of identify {unknown}
 c - a scroll of blinking {unknown}
 d - 2 scrolls of remove curse {unknown}
 e - 2 scrolls of teleportation {unknown}
 f - a scroll of enchant weapon {unknown}
 l - a scroll of amnesia {unknown}
 m - a scroll of immolation {unknown}
 q - 2 scrolls of magic mapping {unknown}
Potions
 g - a potion of ambrosia {unknown}
 h - a potion of berserk rage {unknown}
 i - 2 potions of curing {unknown}
 j - a potion of lignification {unknown}
 k - a potion of heal wounds {unknown}
 n - 2 potions of flight {unknown}
 p - a potion of resistance {unknown}
 r - a potion of cancellation {unknown}
Comestibles
 b - 2 rations


   Skills:
 * Level 1.7 Fighting
 + Level 1.8 Dodging
 - Level 1.7 Stealth
 + Level 0.2 Unarmed Combat
 * Level 2.7 Spellcasting
 * Level 1.9 Conjurations
 * Level 3.8 Air Magic


You had 7 spell levels left.
You knew the following spells:

 Your Spells              Type           Power        Failure   Level  Hunger
a - Shock                 Conj/Air       ##..         5%          1    #......

Your spell library contained the following spells:

 Spells                   Type           Power        Failure   Level  Hunger
 Swiftness                Chrm/Air       #.......     12%         2    ##.....
 Static Discharge         Conj/Air       ##......     16%         3    ###....
 Airstrike                Air            ###.......   36%         4    #####..
 Lightning Bolt           Conj/Air       ##........   83%         5    ######.


Dungeon Overview and Level Annotations

Branches:
Dungeon (3/15)

Altars:
Okawaru

Annotations:
D:2 1 runed translucent door, Crazy Yiuf


Innate Abilities, Weirdness & Mutations

Your plain brown scales are hard. (AC +5)
You cannot fit into any form of body armour.
You are cold-blooded and may be slowed by cold attacks.


Message History

Casting: Shock (safe; 5% risk of failure)
Confirm with . or Enter, or press ? or * to list all spells.
Aiming: Shock (safe; 5% risk of failure)
Press: ? - help, Shift-Dir - straight line The zap hits the centaur.
The centaur is moderately wounded.
The zap hits the centaur.
The centaur is moderately wounded.
The centaur shoots an arrow.
The arrow misses you.
The centaur shoots an arrow.
The arrow hits you.
Casting: Shock (safe; 5% risk of failure)
Confirm with . or Enter, or press ? or * to list all spells.
Aiming: Shock (safe; 5% risk of failure)
Press: ? - help, Shift-Dir - straight line The zap hits the centaur.
The centaur is heavily wounded.
The zap hits the centaur.
The centaur is severely wounded.
The centaur shoots an arrow.
The arrow hits you!
You die...

#........ #####
##.>#
#######...###...##
#..........#.....#
#...............##
#..###.(.c.###.##
#..####(..## #.#
#.....#.### #.#
#.###@#.# #+#
#.....(c#
##....###
###....##
#.<.....###
#.........+
#.......###
###...### #...#


You could see a centaur.

Vanquished Creatures
  Jessica (D:2)
  A gnoll (D:1)
  An adder (D:2)
  A worm (D:2)
  A dart slug (D:1)
  3 leopard geckos
  A giant cockroach (D:2)
  5 goblins
  6 hobgoblins
  A ball python (D:2)
  2 bats (D:2)
  3 frilled lizards
  8 kobolds
  3 rats (D:2)
37 creatures vanquished.

Notes
Turn   | Place    | Note
-------+----------+-------------------------------------------
     0 | D:1      | Morbidden the Draconian Air Elementalist began the quest
                  | for the Orb.
     0 | D:1      | Reached XP level 1. HP: 14/14 MP: 3/3
   548 | D:1      | Reached XP level 2. HP: 21/22 MP: 0/5
   807 | D:1      | Reached skill level 1 in Fighting
  1191 | D:2      | Found an iron altar of Okawaru.
  1212 | D:2      | Reached XP level 3. HP: 28/28 MP: 3/6
  1385 | D:2      | Noticed Jessica
  1396 | D:2      | Killed Jessica
  1670 | D:2      | Reached XP level 4. HP: 35/35 MP: 5/7
  2073 | D:2      | Found a runed translucent door.
  2174 | D:2      | Noticed Crazy Yiuf
  2603 | D:3      | Noticed a centaur
  2621 | D:3      | Shot with an arrow by a centaur

Illustrated notes

Levels and vault maps discovered:
D:1:      dpeg_arrival_tiny_d, layout_loops_corners
D:2:      layout_basic, okawaru_gym_becter, minmay_misc_feat_four_crosses,
          uniq_crazy_yiuf_cottage, uniq_jessica
D:3:      gammafunk_wand_slinger, layout_loops_corners, first_ration

Skill      XL: |  1  2 |
---------------+-------+-----
Fighting       | 1 |  1.7
Dodging        | |  1.8
Stealth        | |  1.7
Unarmed Combat | |  0.2
Spellcasting   | |  2.7
Conjurations   | |  1.9
Air Magic      | |  3.8

Action                   |  1- 3 |  4- 6 || total
-------------------------+-------+-------++-------
Melee: Unarmed           |    29 |     1 ||    30
       Tailslap          |     3 |       ||     3
 Cast: Shock             |    54 |    36 ||    90
  Eat: Chunk             |     3 |     2 ||     5
Armor: Skin              |     5 |     2 ||     7
Dodge: Dodged            |    31 |     7 ||    38

Table legend:
 A = Non-vault XP
 B = Vault XP
 C = Vault XP percentage of total XP
 D = Non-vault monster count
 E = Vault monster count
 F = Vault count percentage of total count
                 A         B        C        D         E       F
            +---------+---------+-------+---------+---------+-------
      Total |      90 |      37 |  29.1 |      36 |       1 |   2.7
            +---------+---------+-------+---------+---------+-------
        D:1 |      40 |       0 |   0.0 |      14 |       0 |   0.0
        D:2 |      50 |      37 |  42.5 |      22 |       1 |   4.3
            +---------+---------+-------+---------+---------+-------
